Map: Apotheosis LE

Players

Rabid - Winner!

  • Race: Terran Terran

A.I. 1 (Hard)

  • Race: Terran Terran

VOD

Have the link to the VOD?

Description

Time

  • Played on: July 12, 2016, 10:58 p.m.
  • Length: 9:18
Show
View Real Time Build Order
Export as new Build Order

Rabid Terran - Winner!

Build Orders: Mech 

Get SALT Encoding   

  12  0:01  SCV  
  13  0:13  SCV  
  14  0:19  Supply Depot  
  14  0:25  SCV  
  15  0:41  SCV  
  15  0:42  Barracks  
  16  0:46  Refinery  
  16  0:53  SCV  
  17  1:05  SCV  
  18  1:17  SCV  
  19  1:18  Supply Depot  
  19  1:29  SCV  
  20  1:37  Barracks Tech Lab  
  20  1:51  Command Center  
  20  1:57  Orbital Command  
  20  2:00  Marine  
  20  2:24  Refinery  
  20  2:28  SCV  
  20  2:29  Marine, Factory  
  22  2:43  SCV  
  23  2:47  Marine  
  24  2:55  SCV  
  25  3:04  SCV  
  26  3:07  SCV  
  27  3:20  Factory  
  27  3:21  Siege Tank  
  30  3:30  SCV  
  30  3:32  Orbital Command  
  31  3:42  SCV  
  32  3:50  Barracks Tech Lab  
  32  3:54  SCV  
  33  3:57  Supply Depot  
  33  3:59  Siege Tank  
  36  4:07  SCV  
  37  4:15  SCV  
  38  4:18  Refinery  
  38  4:20  Siege Tank  
  38  4:23  Barracks Reactor  
  41  4:28  SCV  
  41  4:29  Starport  
  42  4:41  Hellion  
  42  4:44  SCV  
  45  4:46  SCV  
  48  4:53  Hellion  
  48  4:56  SCV  
  49  5:01  SCV  
  50  5:08  SCV  
  50  5:10  Medivac  
  53  5:20  Supply Depot  
  53  5:23  SCV  
  53  5:27  Refinery  
  54  5:36  Supply Depot  
  54  5:41  SCV x2  
  54  5:53  SCV  
  54  5:56  Siege Tank  
  61  5:57  Siege Tank  
  61  5:58  Medivac  
  61  5:59  Marine x2  
  62  6:05  SCV  
  62  6:08  SCV  
  62  6:09  Supply Depot  
  64  6:12  Supply Depot  
  64  6:16  Factory  
  64  6:17  Factory  
  62  6:27  Marine x2  
  61  6:38  Siege Tank x2  
  67  6:40  Supply Depot  
  67  6:42  Supply Depot, Starport Tech Lab  
  67  6:45  Marine x2  
  69  7:04  SCV  
  69  7:06  SCV  
  71  7:12  Factory Tech Lab  
  71  7:13  Factory Tech Lab, Marine  
  71  7:14  Marine  
  73  7:16  SCV, Banshee  
  73  7:19  Supply Depot  
  73  7:20  Supply Depot  
  77  7:30  Siege Tank  
  77  7:31  Siege Tank x2  
  77  7:32  Siege Tank  
  77  7:33  Marine x2  
  91  7:57  Marine x2  
  93  8:03  Hellion x3  
  93  8:04  Hellion  
  101  8:15  Marine x2  
  101  8:18  SCV  
  101  8:24  Hellion, Siege Tank  
  101  8:25  Hellion  
  101  8:26  Hellion  
  110  8:33  Marine x2  
  112  8:46  Hellion  
  114  8:57  Marine  
  114  8:58  Marine  
Show
View Real Time Build Order
Export as new Build Order

A.I. 1 (Hard) Terran 

Build Orders: MMM Bio 

Get SALT Encoding   

  12  0:00  SCV  
  13  0:13  SCV  
  14  0:18  Supply Depot  
  14  0:25  SCV  
  15  0:40  SCV  
  16  0:45  Barracks  
  16  0:52  SCV  
  17  1:04  SCV  
  18  1:18  Command Center  
  18  1:33  Orbital Command  
  18  1:34  Marine  
  18  1:39  Supply Depot  
  19  1:46  Refinery  
  19  1:51  Marine  
  20  1:58  SCV  
  20  2:01  Barracks  
  21  2:09  Refinery  
  21  2:10  Marine, SCV  
  23  2:32  SCV  
  23  2:35  Barracks Tech Lab  
  24  2:47  Marine  
  24  2:49  Factory, SCV  
  26  2:53  Marine  
  27  3:04  Refinery  
  27  3:05  Marine  
  27  3:10  Refinery  
  28  3:18  SCV, Marauder  
  32  3:20  SCV  
  32  3:26  Barracks Tech Lab  
  32  3:30  SCV  
  32  3:32  SCV  
  32  3:33  Hellion  
  36  3:42  SCV  
  36  3:44  SCV  
  36  3:45  Supply Depot, Marine  
  39  3:50  Factory  
  39  3:55  Factory Tech Lab  
  39  4:04  Starport  
  39  4:13  Starport  
  39  4:23  Marauder  
  41  4:33  Factory Tech Lab  
  41  4:34  Reaper  
  42  4:39  Starport Tech Lab  
  42  4:44  SCV  
  43  4:48  Ghost Academy  
  43  4:49  Medivac  
  45  4:57  SCV  
  46  5:04  Supply Depot, SCV  
  47  5:09  SCV  
  48  5:16  SCV  
  48  5:18  Ghost  
  48  5:19  Stimpack  
  48  5:20  Starport Tech Lab  
  48  5:21  SCV  
  52  5:26  Combat Shields  
  52  5:28  SCV  
  52  5:33  SCV  
  54  5:40  SCV  
  54  5:41  Engineering Bay  
  55  5:45  SCV  
  56  5:50  Supply Depot  
  56  5:51  Marine  
  56  5:52  SCV  
  56  5:57  SCV  
  56  6:03  Marine  
  58  6:05  SCV  
  58  6:06  Terran Infantry Weapons Level 1  
  58  6:09  SCV  
  60  6:15  Marine  
  60  6:16  Supply Depot  
  60  6:17  SCV  
  62  6:21  SCV  
  60  6:27  Marine  
  60  6:29  SCV  
  54  6:34  SCV  
  54  6:39  Marine  
  56  6:41  SCV  
  56  6:47  SCV  
  58  6:51  Marine  
  58  6:53  SCV  
  60  6:56  Supply Depot  
  60  6:59  SCV  
  61  7:04  Marine  
  61  7:05  SCV  
  62  7:16  SCV, Reaper  
  62  7:18  SCV  
  62  7:20  Supply Depot, Medivac  
  66  7:23  Raven  
  66  7:28  Ghost  
  61  7:46  Supply Depot  
  61  7:48  Marine  
  61  7:50  Raven  
  60  7:53  Hellion  
  60  7:58  Hellion  
  60  8:05  SCV  
  55  8:06  Viking  
  55  8:07  SCV  
  53  8:14  Hellion  
  53  8:18  SCV  
  50  8:20  Hellion  
  41  8:30  SCV  
  41  8:33  Viking  
  42  8:36  Hellion  
  42  8:40  Viking  
  31  8:52  Marine  
  27  8:56  SCV  
Tags
 
Composition
MMM BioMech
Matchup
TvT
Race
Terran
Replay Pack
Ruins of Endion
Add a new tag
Caveats
  • Supply blocks, unpowered buildings, or Contaminate may cause inaccurate times.
  • Supply counts are checked every 10 seconds.